 Dungeon Crawl Stone Soup version 0.31-a0-1169-gd935f9fcdc (webtiles) character file.

Game seed: 1698775253122652399

104194 James the Brawler (level 15, 0/241 HPs)
             Began as a Troll Shapeshifter on Dec 10, 2023.
             Was a High Priest of Trog.
             Slain by a culicivora (9 damage)
             ... on level 1 of the Spider Nest.
             The game lasted 01:50:46 (23649 turns).

James the Brawler (Troll Shapeshifter)             Turns: 23649, Time: 01:50:47

Health: 0/241      AC: 16    Str: 43    XL:     15   Next: 91%
Magic:  14/14      EV: 12    Int:  6    God:    Trog [*****.]
Gold:   1920       SH:  0    Dex: 11    Spells: 14/14 levels left

rFire   + .          .
                       - Unarmed
rCold   . . .        (shield currently unavailable)
rNeg    . . .        E - melded +2 robe {rC+}
rPois   +            (helmet currently unavailable)
rElec   .            B - melded +2 cloak
rCorr   +            (gloves unavailable)
SInv    .            (boots unavailable)
Will    +++..        e - amulet of regeneration
Stlth   ++           G - ring "Ytzyziah" {Ice rCorr Str+3 Stlth+}
HPRegen 3.20/turn    x - +4 ring of protection
MPRegen 0.14/turn

%: no passive effects
@: dragon-form, strong-willed, flying, regenerating, studying Fighting
A: dragon claw, dragon scales, breathe fire, flying, boosted hp, giant,
unfitting armour, (claws 3), regeneration 1, (shaggy fur 1), (tough skin 1)
a: Breathe Fire, Begin Untransformation, Renounce Religion, Berserk, Trog's
Hand, Brothers in Arms


You were on level 1 of the Spider Nest.
You worshipped Trog.
Trog was extremely pleased with you.
You were a fearsome dragon!
You visited 5 branches of the dungeon, and saw 24 of its levels.
You also visited: Trove, Ossuary, Bailey and Volcano.

You collected 4316 gold pieces.
You spent 2396 gold pieces at shops.

Inventory:

Hand Weapons
 b - a +1 sling
   (You found it on level 2 of the Dungeon)
 Q - the +8 hand axe of the Mashing Ancients {freeze, rPois rN+ Dex+3}
   (You found it on level 7 of the Dungeon)

   Dex+3:     It affects your dexterity (+3).
   rPois:     It protects you from poison rN+: It protects you from negative
   energy.
Missiles
 l - 5 curare-tipped darts {!f}
 o - 38 poisoned darts
 q - 3 javelins
 I - 3 throwing nets {!f}
 R - 29 boomerangs
 Z - 22 large rocks
Armour
 B - a +2 cloak (melded)
   (You bought it in a shop on level 13 of the Dungeon)
 C - a +0 troll leather armour
   (You found it on level 10 of the Dungeon)
 E - a +2 robe of cold resistance (melded)
   (You took it off Fannar on level 1 of the Lair of Beasts)
Jewellery
 e - an amulet of regeneration (around neck)
   (You found it on level 5 of the Lair of Beasts)
 f - a ring of willpower
   (You found it on level 14 of the Dungeon)
 i - a ring of protection from fire
   (You found it on level 15 of the Dungeon)
 m - a +6 ring of strength
   (You found it on level 14 of the Dungeon)
 p - a +5 ring of evasion
   (You found it on level 2 of the Dungeon)
 x - a +4 ring of protection (right foreclaw)
   (You found it on level 1 of the Lair of Beasts)
 A - the amulet of Icsik {RegenMP rF++ Stlth-}
   (You found it in a treasure trove)

   [amulet of magic regeneration]

   RegenMP:   It increases your rate of magic regeneration.
   rF++:      It greatly protects you from fire.
   Stlth-:    It makes you less stealthy.
 D - a +6 ring of dexterity
   (You found it on level 10 of the Dungeon)
 G - the ring "Ytzyziah" (left foreclaw) {Ice rCorr Str+3 Stlth+}
   (You bought it in a shop on level 2 of the Orcish Mines)

   [ring of ice]

   Ice:       It enhances your ice magic.
   Str+3:     It affects your strength (+3).
   rF-:       It makes you vulnerable to fire.
   rC+:       It protects you from cold.
   rCorr:     It protects you from acid and corrosion.
   Stlth+:    It makes you more stealthy.
 N - the ring of Winter {rPois rCorr Str+2}
   (You found it on level 7 of the Dungeon)

   [ring of poison resistance]

   Str+2:     It affects your strength (+2).
   rPois:     It protects you from poison rCorr: It protects you from acid and
   corrosion.
Talismans
 c - a dragon-blood talisman (active)
   (You bought it in a shop on level 12 of the Dungeon)
 y - a blade talisman
   (You found it on level 5 of the Dungeon)
 F - a serpent talisman
   (You found it on level 6 of the Dungeon)
Wands
 d - a wand of iceblast (7)
   (You found it on level 5 of the Lair of Beasts)
 r - a wand of light (7)
   (You found it on level 4 of the Lair of Beasts)
 t - a wand of flame (38)
   (You found it on level 6 of the Dungeon)
 v - a wand of polymorph (12)
   (You found it on level 4 of the Lair of Beasts)
 P - a wand of charming (28)
   (You found it on level 7 of the Dungeon)
Scrolls
 j - 2 scrolls of silence
 k - 3 scrolls of immolation {!r}
 s - 6 scrolls of enchant weapon
 u - 5 scrolls of enchant armour
 H - 9 scrolls of teleportation {@r4}
 L - 4 scrolls of blinking
 O - 2 scrolls of identify {@r1}
 U - 6 scrolls of fog
 X - a scroll of vulnerability {!r}
Potions
 a - a potion of enlightenment
 g - 4 potions of heal wounds {@q2}
 h - a potion of experience
 n - a potion of lignification {!q}
 w - a potion of invisibility
 z - 2 potions of might
 J - 6 potions of curing {@q1}
 K - 5 potions of ambrosia
 M - 2 potions of mutation {!q}
 S - 5 potions of magic
 T - 3 potions of haste {@q3}
 V - 3 potions of cancellation


   Skills:
 + Level 13.4 Fighting
 - Level 13.0 Dodging
 - Level 16.0 Unarmed Combat
 - Level 16.0 Shapeshifting


You had 14 spell levels left.
You didn't know any spells.
Your spell library contained the following spells:

 Spells                   Type           Power      Damage    Failure   Level
 Apportation              Tloc           0%         N/A       45%         1
 Jinxbite                 Hex            0%         N/A       58%         2
 Scorch                   Fire           0%         2d5       58%         2
 Dazzling Flash           Conj/Hex       0%         N/A       83%         3
 Ozocubu's Armour         Ice            0%         N/A       83%         3
 Cause Fear               Hex            0%         N/A       99%         4
 Flame Wave               Conj/Fire      0%         2d4       99%         4
 Agony                    Necr           0%         N/A       100%        5
 Alistair's Intoxication  Tmut/Pois      0%         N/A       100%        5
 Fireball                 Conj/Fire      0%         3d3       100%        5
 Silence                  Hex/Air        0%         N/A       100%        5
 Summon Cactus Giant      Summ           0%         N/A       100%        6
 Ozocubu's Refrigeration  Ice            0%         4d7       100%        7
 Dragon's Call            Summ           0%         N/A       100%        9


Dungeon Overview and Level Annotations

Branches:
Dungeon (15/15)            Temple (1/1) D:6            Lair (5/5) D:9
 Shoals (0/4) Lair:2       Spider (1/4) Lair:3        Slime (0/5) Lair:5
    Orc (2/2) D:9             Elf (0/3) Orc:2        Vaults (0/5) D:13
 Depths (0/4) D:15        Ossuary (visited)          Bailey (visited)
Volcano (visited)

Altars:
Ashenzari
Cheibriados
Dithmenos
Elyvilon
Fedhas
Gozag
Hepliaklqana
Kikubaaqudgha
Makhleb
Nemelex Xobeh
Okawaru
Qazlal
Ru
Sif Muna
Trog
Uskayaw
Vehumet
Wu Jian
Xom
Yredelemnul
Zin
The Shining One

Shops:
D:8 ([[?   D:12 =   D:13 :![   D:15 [   Orc:2 =(*[!(?**


Innate Abilities, Weirdness & Mutations

You are a fearsome dragon!
You have a powerful clawing attack.
Your giant scaled body is strong and resilient, but less evasive.
You can breathe fire.
You are flying.
Your maximum health is greatly increased.
Your armour is entirely melded.
You are incapable of wielding weapons or throwing items.
You are too large for most types of armour.
((You have claws for hands.))
Your natural rate of healing is unusually fast.
((You are covered in fur. (AC +1)))
((You have tough skin. (AC +1)))


Message History

The culicivora closely misses you.
The redback bites you but does no damage.
The culicivora bites you!
* * * LOW HITPOINT WARNING * * *
The culicivora draws strength from your injuries!
You maul the redback!!!
You kill the redback!
Trog accepts your kill. The culicivora bites you!
* * * LOW HITPOINT WARNING * * *
The culicivora draws strength from your injuries!
The culicivora bites you but does no damage.
The culicivora bites you!!
* * * LOW HITPOINT WARNING * * *
The culicivora draws strength from your injuries!
The culicivora chitters at the culicivora.
The culicivora is healed somewhat.
Your life force feels restored.
You closely miss the culicivora. The culicivora bites you!
* * * LOW HITPOINT WARNING * * *
The culicivora draws strength from your injuries!
The culicivora bites you.
* * * LOW HITPOINT WARNING * * *
The culicivora draws strength from your injuries!
The culicivora closely misses you. The culicivora bites you.
* * * LOW HITPOINT WARNING * * *
The culicivora draws strength from your injuries!
Your stone giant goes berserk!
The culicivora bites you!
* * * LOW HITPOINT WARNING * * *
The culicivora draws strength from your injuries!
The culicivora bites you!
* * * LOW HITPOINT WARNING * * *
The culicivora draws strength from your injuries!
The culicivora bites you!
* * * LOW HITPOINT WARNING * * *
The culicivora draws strength from your injuries!
The culicivora barely misses you. The culicivora closely misses you.
The culicivora bites you but does no damage.
Your skin crawls.
You feel strong-willed. The culicivora bites you.
* * * LOW HITPOINT WARNING * * *
The culicivora draws strength from your injuries!
The culicivora bites you!
* * * LOW HITPOINT WARNING * * *
The culicivora draws strength from your injuries!
The culicivora misses you. x2; Your stone giant hits the culicivora!!
The culicivora bites you!
You die...

###..
.#..
...
..#
##..
#..##
##s..#
#ss#
#Ds#
#†s#
.C.#
...##
#..##
#..
#.# ##


You could see 4 culicivoras, a tarantella and a friendly stone giant (summoned,
berserk).

Vanquished Creatures
  Rupert (D:13)
  Agnes (D:14)
  Kirke (D:14)
  A frost giant (D:14)
  3 orc warlords
  A very ugly thing (D:14)
  A vampire knight (D:15)
  3 ettins
  Josephine (D:14)
  2 fire dragons
  Fannar (Lair:1)
  5 hydras
  4 boulder beetles
  2 ogre magi (D:14)
  2 death knights (D:14)
  6 centaur warriors (D:14)
  5 death yaks
  2 two-headed ogres
  6 tengu warriors
  5 orc high priests
  Nergalle (Lair:2)
  Sonja (Lair:1)
  5 skeletal warriors (D:13)
  A shadow wraith (D:13)
  A pharaoh ant (Spider:1)
  A goliath frog (Lair:5)
  2 deep trolls
  2 lindwurms
  4 deep elf pyromancers
  3 orc sorcerers (Orc:2)
  4 orc knights
  2 wolf spiders (Spider:1)
  2 oklob plants
  5 ugly things
  6 cyclopes
  2 manticores
  2 gargoyles
  A water nymph (shapeshifter) (D:13)
  3 black mambas
  A black mamba (shapeshifter) (D:15)
  6 elephants (Lair:5)
  2 molten gargoyles (Volcano)
  22 cane toads
  An unseen horror (D:12)
  2 rime drakes
  A yaktaur (D:14)
  8 komodo dragons
  3 efreet (D:14)
  2 tengu conjurers (D:15)
  A polar bear (shapeshifter) (D:14)
  A troll (shapeshifter) (D:15)
  6 trolls
  4 hornets
  5 polar bears
  3 tyrant leeches (Lair:5)
  19 blink frogs
  2 tarantellas (Spider:1)
  5 dream sheep (Lair:5)
  A spriggan (shapeshifter) (D:15)
  A shadow (D:11)
  58 yaks
  3 wyverns
  2 hogs (D:14)
  10 vampires
  5 basilisks
  5 wraiths
  10 fire bats (Volcano)
  A redback (Spider:1)
  A fire elemental (Orc:2)
  Menkaure (D:6)
  3 steam dragons
  5 vampire mosquitoes (Lair:5)
  A swamp worm (shapeshifter) (D:14)
  18 water moccasins
  A hell hound (Volcano)
  2 sky beasts
  An ice beast (D:7)
  29 orc warriors
  2 black bears
  6 ogres
  9 wolves
  15 centaurs
  2 kobold brigands
  16 bullfrogs
  An elf zombie (Ossuary)
  2 gnoll sergeants
  4 scorpions
  14 wights
  20 killer bees
  A howler monkey (D:7)
  An electric eel (Lair:5)
  5 lava snakes (Volcano)
  Crazy Yiuf (D:5)
  A gnoll bouda (D:9)
  A human zombie (Ossuary)
  24 orc priests
  A hound (D:5)
  2 jellies
  Jessica (D:3)
  33 orc wizards
  3 iguanas
  6 hell rats (Lair:1)
  4 mummies (Ossuary)
  8 adders
  16 gnolls
  4 shadow imps
  A white imp (D:6)
  4 ufetubi
  3 worms
  A worm (shapeshifter) (D:13)
  2 dart slugs
  102 orcs
  7 endoplasms
  4 giant cockroaches
  3 gnoll zombies (Ossuary)
  10 goblins
  7 hobgoblins
  8 jackals
  7 quokkas
  7 ball pythons
  8 bats
  6 frilled lizards
  A goblin zombie (Ossuary)
  2 hobgoblin zombies (Ossuary)
  A jackal zombie (Ossuary)
  26 kobolds
  An orc zombie (Ossuary)
  2 rat zombies (Ossuary)
769 creatures vanquished.

Vanquished Creatures (others)
  An orc wizard (Orc:2)
1 creature vanquished.

Grand Total: 770 creatures vanquished

Notes
Turn   | Place    | Note
-------+----------+-------------------------------------------
     0 | D:1      | James the Troll Shapeshifter began the quest for the Orb.
     0 | D:1      | Reached XP level 1. HP: 18/18 MP: 0/0
    71 | D:1      | Reached XP level 2. HP: 21/26 MP: 1/1
   474 | D:1      | Reached XP level 3. HP: 32/32 MP: 2/2
  1597 | D:3      | Reached XP level 4. HP: 40/40 MP: 3/3
  1600 | D:3      | Reached skill level 5 in Unarmed Combat
  1820 | D:3      | Found a faded altar of an unknown god.
  2017 | D:3      | Noticed Jessica
  2026 | D:3      | Killed Jessica
  2337 | D:4      | Found a shimmering blue altar of Sif Muna.
  2342 | D:4      | Reached XP level 5. HP: 46/46 MP: 4/4
  2388 | D:4      | Noticed a water moccasin
  2400 | D:4      | Killed a water moccasin
  2401 | D:4      | Reached XP level 6. HP: 39/54 MP: 5/5
  2867 | D:5      | Entered Level 5 of the Dungeon
  2969 | D:5      | Reached skill level 5 in Shapeshifting
  2969 | D:5      | Reached skill level 1 in Fighting
  3030 | D:5      | Reached XP level 7. HP: 65/65 MP: 6/6
  3175 | D:5      | Found a runed translucent door.
  3180 | D:5      | Noticed Crazy Yiuf
  3976 | D:6      | Noticed Menkaure
  3984 | D:6      | Killed Menkaure
  3985 | D:6      | Reached XP level 8. HP: 33/72 MP: 1/7
  4043 | D:6      | Found a staircase to the Ecumenical Temple.
  4066 | Temple   | Entered the Ecumenical Temple
  4108 | Temple   | Became a worshipper of Trog the Wrathful
  4474 | D:6      | Found a white marble altar of Elyvilon.
  5216 | D:7      | Reached XP level 9. HP: 72/84 MP: 8/8
  5217 | D:7      | Reached skill level 5 in Fighting
  5226 | D:7      | Reached * piety under Trog
  5468 | D:7      | Identified the ring of Winter {rPois rCorr Str+2}
  5558 | D:7      | Found a flagged portal.
  5563 | D:7      | Identified the +8 hand axe of the Mashing Ancients {freeze,
                  | rPois rN+ Dex+3}
  5567 | Bailey   | Entered a bailey
  5579 | Bailey   | Noticed an orc warlord
  5651 | Bailey   | Noticed an orc knight
  5666 | Bailey   | Killed an orc knight
  5716 | Bailey   | Reached ** piety under Trog
  5752 | Bailey   | Found a runed translucent gate.
  5767 | Bailey   | Found a runed translucent gate.
  5769 | Bailey   | Found a runed translucent gate.
  6218 | Bailey   | Killed an orc warlord
  6219 | Bailey   | Reached skill level 10 in Shapeshifting
  6219 | Bailey   | Reached XP level 10. HP: 84/96 MP: 5/9
  6612 | D:7      | Found a snail-covered altar of Cheibriados.
  6772 | D:8      | Found Kibuug's Antique Armour Emporium.
  6799 | D:8      | Found a broken altar of Ashenzari.
  6897 | D:8      | Found a sand-covered staircase.
  6929 | Ossuary  | Entered an ossuary
  7167 | D:8      | Found Boedaump's Magic Scroll Emporium.
  7178 | D:8      | Found Qathrokhlo's Armour Emporium.
  7325 | D:8      | Found Byipipato's Weapon Boutique.
  7566 | D:8      | Found a sacrificial altar of Ru.
  7743 | D:8      | Acquired a manual of Unarmed Combat
  7756 | D:9      | Found a staircase to the Lair.
  7764 | D:9      | Reached skill level 10 in Unarmed Combat
  7832 | D:9      | Reached *** piety under Trog
  7957 | D:9      | Found an ancient bone altar of Kikubaaqudgha.
  8116 | D:9      | Reached **** piety under Trog
  8163 | D:9      | Found a staircase to the Orcish Mines.
  8389 | D:9      | Found a burning altar of Makhleb.
  8389 | D:9      | Noticed a cacodemon
  8639 | D:10     | Entered Level 10 of the Dungeon
  8853 | D:10     | Found a sparkling altar of Nemelex Xobeh.
  8874 | D:10     | Found an opulent altar of Gozag.
  8877 | D:10     | Found a hide-covered altar of Uskayaw.
  8895 | D:10     | Found an ornate altar of the Wu Jian Council.
  8960 | D:10     | Noticed a tengu warrior
  8963 | D:10     | Noticed a tengu warrior
  8969 | D:10     | Killed a tengu warrior
  8970 | D:10     | Reached XP level 11. HP: 67/102 MP: 5/10
  8970 | D:10     | Noticed a two-headed ogre
  8974 | D:10     | Killed a tengu warrior
  8975 | D:10     | Reached skill level 15 in Unarmed Combat
  8978 | D:10     | Killed a two-headed ogre
 10357 | Lair:1   | Entered Level 1 of the Lair of Beasts
 10360 | Lair:1   | Noticed Sonja
 10372 | Lair:1   | Killed Sonja
 10511 | Lair:1   | Reached ***** piety under Trog
 10605 | Lair:1   | Reached XP level 12. HP: 114/114 MP: 11/11
 10873 | Lair:1   | Noticed Fannar
 10885 | Lair:1   | Killed Fannar
 11155 | Lair:1   | Reached skill level 5 in Dodging
 11647 | Lair:2   | Noticed Nergalle
 11654 | Lair:2   | Killed Nergalle
 11796 | Lair:2   | Found a staircase to the Shoals.
 12483 | Lair:3   | Found a hole to the Spider Nest.
 12563 | Lair:3   | Reached XP level 13. HP: 124/124 MP: 12/12
 13358 | Lair:4   | Found a dark tunnel.
 13367 | Volcano  | Entered a volcano
 13393 | Volcano  | Received a gift from Trog
 13539 | Volcano  | Found a radiant altar of Vehumet.
 13560 | Volcano  | Noticed a fire dragon
 13576 | Volcano  | Killed a fire dragon
 14688 | Lair:5   | Entered Level 5 of the Lair of Beasts
 14779 | Lair:5   | Reached skill level 10 in Fighting
 15177 | Lair:5   | Received a gift from Trog
 15276 | Lair:5   | Found a staircase to the Slime Pits.
 15306 | Lair:5   | Reached XP level 14. HP: 146/146 MP: 13/13
 16159 | D:5      | Killed Crazy Yiuf
 16747 | D:12     | Found Ufiliol's Jewellery Shoppe.
 17214 | Orc:1    | Entered Level 1 of the Orcish Mines
 17319 | Orc:1    | Received a gift from Trog
 17352 | Orc:1    | Reached skill level 15 in Shapeshifting
 17862 | Orc:2    | Entered Level 2 of the Orcish Mines
 17931 | Orc:2    | Found Teis's General Store.
 17938 | Orc:2    | Found a transporter.
 17938 | Orc:2    | Found Boos's Magic Scroll Emporium.
 17940 | Orc:2    | Found Iwnupn's General Store.
 17943 | Orc:2    | Found a transporter.
 18072 | Orc:2    | Noticed an orc warlord
 18120 | Orc:1    | Killed an orc warlord
 18176 | Orc:2    | Found a staircase to the Elven Halls.
 18205 | Orc:2    | Found Keth's Distillery.
 18566 | Orc:2    | Found Iniaj's Weapon Boutique.
 18657 | Orc:2    | Noticed an orc warlord
 18678 | Orc:2    | Killed an orc warlord
 18682 | Orc:2    | Reached ****** piety under Trog
 18682 | Orc:2    | Received a gift from Trog
 18955 | Orc:2    | Found Nihicvisio's Antique Armour Emporium.
 18956 | Orc:2    | Found Qamidi's Antique Weapon Emporium.
 18958 | Orc:2    | Found Baotif's General Store.
 18958 | Orc:2    | Found Uplapapp's Jewellery Shoppe.
 19180 | Orc:2    | Acquired 890 gold pieces
 19404 | D:13     | Found Lemotz's Distillery.
 19452 | D:13     | Received a gift from Trog
 19470 | D:13     | Found a gate to the Vaults.
 19617 | D:13     | Noticed Rupert
 19630 | D:13     | Killed Rupert
 19733 | D:13     | Found Unwora's Book Emporium.
 19908 | D:13     | Reached XP level 15. HP: 90/159 MP: 14/14
 20133 | D:13     | Found Cekkelai's Antique Armour Emporium.
 20143 | D:13     | Bought an embroidered cloak for 232 gold pieces
 20461 | D:8      | Bought a scroll of acquirement for 624 gold pieces
 20461 | D:8      | Acquired a manual of Dodging
 20564 | D:12     | Bought a dragon-blood talisman for 840 gold pieces
 20714 | Orc:2    | Bought the ring "Ytzyziah" {Ice rCorr Str+3 Stlth+} for 700
                  | gold pieces
 21031 | D:14     | Noticed a frost giant
 21037 | D:14     | Killed a frost giant
 21273 | D:14     | Identified the +9 arbalest "Ycof Syale" {drain, Str+2}
 21275 | D:14     | Reached skill level 10 in Dodging
 21439 | D:14     | Noticed Agnes
 21453 | D:14     | Killed Agnes
 21550 | D:14     | Noticed Kirke
 21558 | D:14     | Noticed a sphinx
 21560 | D:14     | Killed Kirke
 21560 | D:14     | Received a gift from Trog
 21753 | D:14     | Noticed Josephine
 21759 | D:14     | Killed Josephine
 22254 | D:14     | Found a portal to a secret trove of treasure.
 22328 | D:15     | Entered Level 15 of the Dungeon
 22583 | D:15     | Found a staircase to the Depths.
 22853 | D:15     | Found Vong's Armour Shoppe.
 23013 | D:15     | Found a shadowy altar of Dithmenos.
 23289 | D:14     | You paid a toll of 3 potions of resistance to enter a
                  | treasure trove
 23290 | Trove    | Entered a treasure trove
 23355 | Trove    | Identified the amulet of Icsik {RegenMP rF++ Stlth-}
 23627 | Spider:1 | Entered Level 1 of the Spider Nest
 23649 | Spider:1 | HP: 9/241 [culicivora (16)]
 23649 | Spider:1 | Slain by a culicivora

Illustrated notes

Levels and vault maps discovered:
D:1:      dpeg_arrival_ternary, layout_basic, minmay_distorted
D:2:      layout_basic, fountainhead, kennysheep_generic_room_8
D:3:      layout_loops_ring, basic_ecumenical_altar, uniq_jessica
D:4:      layout_rooms, kennysheep_orc_sif_temple
D:5:      layout_basic, uniq_crazy_yiuf_cottage
D:6:      minmay_thick_lines, layout_loops_ring,
          mainiacjoe_overflow_concentric_impassable,
          minmay_temple_entry_sparse_star, serial_glass, glass_columns_a,
          glass_columns_b, glass_columns_c, glass_columns_a, glass_columns_b,
          glass_columns_a, uniq_menkaure
D:7:      layout_loops_ring, cheibriados_altar_1, enter_bailey_2
D:8:      layout_cave_pods, nicolae_ru_path_of_blood,
          mainiacjoe_overflow_small_starburst, serial_column_ruins,
          column_ruins_grid_5, column_ruins_corridor_straight,
          column_ruins_grid_3, column_ruins_open_tiny, enter_ossuary_1,
          serial_shops, nicolae_shop_tiny_statue_garden, kennysheep_mini_moat,
          shop, nicolae_shop_tiny_glass
D:9:      layout_loops_ring, makhleb_altar_promises_db, old_standard_altar,
          dpeg_oklobed_lair, hiddenorc2_lemuel
D:10:     layout_gridville, nicolae_overflow_macrodata_refinement
D:11:     layout_cave_pods
D:12:     layout_roguey, serial_shops, nicolae_shop_peninsula, minmay_holes
D:13:     layout_loops_ring, david_vaults_4, serial_shops, shop, shop,
          nicolae_shop_tiny_waterfront, grunt_ministairs_9, minivault_25_ag,
          uniq_rupert
D:14:     evilmike_diamond_1, layout_small_grid, minmay_crystal_room,
          trove_entry_hex_spiral, uniq_agnes, uniq_kirke, uniq_josephine
D:15:     hangedman_depths_entry_civil_slaughter, layout_loops_cross,
          abandoned_shop, serial_shops, shop, nicolae_nh_vlads_tower
Temple:   minmay_temple_curvy_loop
Lair:1:   layout_cellular_growth, st_stairs_10, cheibrodos_lair_lostbears,
          grunt_megastairs_3, uniq_fannar, uniq_sonja
Lair:2:   layout_big_grid, minmay_shoals_entry_centaurs, uniq_nergalle
Lair:3:   layout_cave_pods, spider_nest_entry_web_field, wad_woods_road_01
Lair:4:   layout_cave_pods, enter_volcano_1, infiniplex_staircase_pool
Lair:5:   minmay_lair_end_frog_pond, layout_regular_city, slime_entry_1
Spider:1: layout_spider_delve, uniq_mlioglotl
Orc:1:    minmay_goldmine, layout_diamond_mine, bh_open_orc_temple
Orc:2:    st_orc_congregation, layout_diamond_mine, serial_shops, shop, shop,
          nicolae_shop_drivethru, nicolae_shop_rolling_square, shop_fountains,
          nicolae_orc_lava_tube

Skill      XL: |  1  2  3  4  5  6  7  8  9 10 11 12 13 14 15 |
---------------+----------------------------------------------+-----
Unarmed Combat | 4 5 6 7 8 9 14 16 | 16.0
Shapeshifting  | 4 5 6 7 10 11 13 14 16 | 16.0
Fighting       | 2 4 5 6 7 11 13 | 13.4
Dodging        | 2 4 5 13 | 13.0

Action                     |  1- 3 |  4- 6 |  7- 9 | 10-12 | 13-15 || total
---------------------------+-------+-------+-------+-------+-------++-------
  Melee: Unarmed           |    75 |    61 |   254 |   535 |   974 ||  1899
         Punch             |     3 |       |     3 |       |    13 ||    19
         Constrict         |       |       |     4 |   117 |   160 ||   281
         Tailslap          |       |       |       |       |    31 ||    31
         Bite              |       |       |       |       |    24 ||    24
   Fire: Sling             |    51 |    81 |    50 |       |       ||   182
 Invoke: Berserk           |       |       |       |     3 |     3 ||     6
         Trog's Hand       |       |       |       |       |     2 ||     2
         Brothers in Arms  |       |       |       |       |     1 ||     1
    Use: Scroll            |       |    12 |     3 |     8 |     9 ||    32
         Potion            |       |       |     1 |       |     4 ||     5
   Stab: Sleeping          |       |       |       |       |     3 ||     3
         Distracted        |       |       |       |       |     1 ||     1
 Armour: Animal skin       |    54 |    40 |    59 |       |       ||   153
         Skin              |       |       |    51 |   296 |   702 ||  1049
         Troll leather arm |       |       |       |    15 |       ||    15
  Dodge: Dodged            |    41 |    60 |   181 |   345 |   501 ||  1128
   Form: Flux              |       |       |     1 |       |       ||     1
         Serpent           |       |       |     1 |     1 |     2 ||     4
         Blade             |       |       |       |     1 |     1 ||     2
                           |       |       |       |       |     1 ||     1
         Dragon            |       |       |       |       |     1 ||     1

Table legend: (Time is in decaauts)
 A = Elapsed time spent in this place.
 B = Non-inter-level travel time spent in this place.
 C = Inter-level travel time spent in this place.
 D = Time resting spent in this place.
 E = Time spent auto-exploring this place.
 F = Levels seen in this place.
 G = Mean time per level.
                   A        B        C        D        E       F      G
               +--------+--------+--------+--------+--------+-----+--------+
         Total |  23331 |  20717 |   2614 |   1592 |  12561 |  28 |  833.2 |
       Dungeon |  14394 |  12721 |   1673 |   1101 |   8236 |  15 |  959.6 |
        Temple |     83 |      7 |     76 |      0 |      0 |   1 |   83.0 |
          Lair |   5236 |   4718 |    518 |    179 |   2909 |   5 | 1047.2 |
   Spider Nest |     16 |     16 |      0 |      0 |      0 |   1 |   16.0 |
  Orcish Mines |   2181 |   1836 |    345 |     48 |   1132 |   2 | 1090.5 |
         Trove |    114 |    114 |      0 |      0 |     38 |   1 |  114.0 |
       Ossuary |    168 |    168 |      0 |      0 |     79 |   1 |  168.0 |
        Bailey |    754 |    754 |      0 |    214 |    120 |   1 |  754.0 |
       Volcano |    381 |    381 |      0 |     50 |     47 |   1 |  381.0 |
               +--------+--------+--------+--------+--------+-----+--------+

Top non-repeatable levels by time:
    D:14: 1619 daAuts
   Orc:2: 1433 daAuts
  Lair:1: 1360 daAuts
     D:6: 1321 daAuts
     D:9: 1268 daAuts
    D:13: 1151 daAuts
  Lair:3: 1148 daAuts
  Lair:5: 1080 daAuts
    D:10: 1039 daAuts
  Lair:4: 1037 daAuts
     D:5: 1025 daAuts
     D:8: 903 daAuts
    D:11: 841 daAuts
     D:7: 807 daAuts
    D:12: 778 daAuts
